 Dungeon Crawl Stone Soup version 0.31.0-9-g3a7656b989 (webtiles) character file.

Game seed: 6267709679517559031

87 qw the Shooter (level 4, -5/22 HPs)
             Began as a Spriggan Hunter on Feb 2, 2024.
             Slain by a kobold brigand
             ... wielding a +0 dagger
              (8 damage)
             ... in a sewer.
             The game lasted 00:00:08 (1462 turns).

qw the Shooter (Spriggan Hunter)                    Turns: 1462, Time: 00:00:08

Health: -5/22      AC:  7    Str:  7    XL:     4   Next: 28%
Magic:  5/5        EV: 20    Int: 10    God:
Gold:   89         SH:  0    Dex: 20    Spells: 3/3 levels left

rFire   . . .        a - +0 shortbow
rCold   . . .        (shield currently unavailable)
rNeg    . . .        c - +0 robe
rPois   .            (helmet restricted)
rElec   .            b - +0 cloak
rCorr   .            (gloves unavailable)
SInv    +            (boots unavailable)
Will    .....        (no amulet)
Stlth   ++           e - +4 ring of protection
HPRegen 0.23/turn    (no ring)
MPRegen 0.09/turn

%: no passive effects
@: very quick
A: very small, no large weapons, unfitting armour, see invisible, speed 3
a: no special abilities


You were in a sewer.
You visited 1 branch of the dungeon, and saw 3 of its levels.
You also visited: Sewer.

You collected 89 gold pieces.


Innate Abilities, Weirdness & Mutations

You are very small and have problems with some larger weapons.
You are too small for most types of armour.
You have supernaturally acute eyesight. (SInv)
You cover ground extremely quickly. (Speed+++)


   Skills:
 - Level 1.5 Fighting
 - Level 5.0 Ranged Weapons
 + Level 4.7 Dodging
 - Level 1.5 Stealth


You had 3 spell levels left.
You didn't know any spells.
Your spell library was empty.

Inventory:

Hand Weapons
 a - a +0 shortbow (weapon)
Armour
 b - a +0 cloak (worn)
 c - a +0 robe (worn)
Jewellery
 e - a +4 ring of protection (left hand)
Wands
 d - a wand of digging (3)
Potions
 f - 2 potions of curing

Dungeon Overview and Level Annotations

Branches:
Dungeon (3/15)              Sewer (1/1)

Altars:

Annotations:
Sewer exclusion: jackal


Message History

You shoot an arrow.
The arrow hits the kobold but does no damage.
The kobold is moderately wounded.
The kobold hits you with a +0 club.
You shoot an arrow. The arrow closely misses the kobold.
The kobold hits you with a +0 club.
You shoot an arrow. The arrow hits the kobold.
The kobold is severely wounded.
The kobold completely misses you. The kobold barely misses you.
You shoot an arrow. The arrow closely misses the kobold.
You shoot an arrow.
The arrow barely misses the kobold brigand.
You shoot an arrow. The arrow misses the kobold brigand.
The kobold brigand hits you with a +0 dagger.
You shoot an arrow.
The arrow hits the kobold but does no damage.
The kobold is severely wounded.
The kobold brigand hits you with a +0 dagger.
The kobold completely misses you.
You shoot an arrow. The arrow hits the kobold!
You kill the kobold!
The kobold brigand closely misses you. The kobold brigand misses you.
You shoot an arrow.
The arrow closely misses the kobold brigand.
The kobold brigand hits you with a +0 dagger.
You shoot an arrow.
The arrow hits the kobold brigand but does no damage.
The kobold brigand is heavily wounded.
The kobold brigand misses you.
You shoot an arrow. The arrow hits the kobold brigand.
The kobold brigand is heavily wounded.
The kobold brigand hits you but does no damage.
You shoot an arrow.
The arrow hits the kobold brigand but does no damage.
The kobold brigand is heavily wounded.
The kobold brigand closely misses you.
You shoot an arrow. The arrow hits the kobold brigand.
The kobold brigand is heavily wounded.
The kobold brigand hits you with a +0 dagger!
You die...

### ############ #\#
#...K...~..###@### .
#..~~~~.~~...K)..#
..#.~~~~~~~~~~~~~~~~~~~
....~~~~~~~~~~~~~~~~~~~~
..#~)~~~~~~~~~~~~~~~~~~~
. #~%~~~~~.~~~.....#####
#.~~....~~.#######
#########~## #~#


You could see a kobold brigand.

Vanquished Creatures
  An adder (D:2)
  A gnoll (D:1)
  A river rat (Sewer)
  2 dart slugs (D:2)
  A ribbon worm (D:3)
  6 ball pythons
  4 bats
  4 endoplasms
  A giant cockroach (D:1)
  3 goblins (D:2)
  3 hobgoblins
  3 jackals (Sewer)
  6 kobolds
  6 quokkas
  A frilled lizard (D:2)
  7 rats
50 creatures vanquished.

Notes
Turn   | Place    | Note
-------+----------+-------------------------------------------
     0 | D:1      | qw the Spriggan Hunter began the quest for the Orb.
     0 | D:1      | Reached XP level 1. HP: 10/10 MP: 2/2
     0 | D:1      | 0 ||| qw: Version: 0.3-a-155-g5e7d8dd
     0 | D:1      | 0 ||| qw: Game counter: 2766
     0 | D:1      | 0 ||| qw: Melee chars always use a shield: true
     0 | D:1      | 0 ||| qw: God list: Okawaru
     0 | D:1      | 0 ||| qw: Allow faded altars: false
     0 | D:1      | 0 ||| qw: Do Orc after clearing Dungeon:15 true
     0 | D:1      | 0 ||| qw: Do second Lair branch before Depths: true
     0 | D:1      | 0 ||| qw: Lair rune preference: random
     0 | D:1      | 0 ||| qw: Goals: Normal
     0 | D:1      | 0 ||| PLANNING D:1-11
    77 | D:1      | Reached skill level 3 in Dodging
   145 | D:1      | Reached XP level 2. HP: 14/14 MP: 3/3
   183 | D:1      | Found a faded altar of an unknown god.
   476 | D:1      | 476 ||| READING 2 scrolls labelled XUGIOGEOVUU.
   477 | D:1      | 477 ||| READING 2 scrolls labelled AMNOMUCOUSS.
   477 | D:1      | 477 ||| IDENTIFYING 3 viscous yellow potions
   478 | D:1      | 478 ||| READING scroll of identify.
   478 | D:1      | 478 ||| IDENTIFYING scroll labelled PODAWAIDIE
   479 | D:1      | 479 ||| DROPPING scroll of butterflies.
   480 | D:1      | 480 ||| DROPPING scroll of fog.
   481 | D:1      | 481 ||| DROPPING scroll of blinking.
   553 | D:2      | Reached XP level 3. HP: 18/18 MP: 4/4
   578 | D:2      | 578 ||| FLEEEEING.
   579 | D:2      | 579 ||| FLEEEEING.
   580 | D:2      | 580 ||| FLEEEEING.
   581 | D:2      | 581 ||| FLEEEEING.
   582 | D:2      | 582 ||| FLEEEEING.
   583 | D:2      | 583 ||| FLEEEEING.
   584 | D:2      | 584 ||| FLEEEEING.
   585 | D:2      | 585 ||| FLEEEEING.
   586 | D:2      | 586 ||| FLEEEEING.
   587 | D:2      | 587 ||| FLEEEEING.
   588 | D:2      | 588 ||| FLEEEEING.
   589 | D:2      | 589 ||| FLEEEEING.
   590 | D:2      | 590 ||| FLEEEEING.
   591 | D:2      | 591 ||| FLEEEEING.
   592 | D:2      | 592 ||| FLEEEEING.
   593 | D:2      | 593 ||| FLEEEEING.
   594 | D:2      | 594 ||| STAIRDANCE
   601 | D:1      | 601 ||| READING scroll labelled TIZIDGHU BISCHU.
   925 | D:2      | 925 ||| FLEEEEING.
  1302 | D:2      | 1302 ||| UPGRADING to +0 cloak.
  1307 | D:2      | 1307 ||| READING scroll of identify.
  1307 | D:2      | 1307 ||| IDENTIFYING scroll labelled BUCKAT DU UGE
  1307 | D:2      | Identified a scroll of acquirement
  1308 | D:2      | 1308 ||| READING scroll of acquirement.
  1308 | D:2      | 1308 ||| ACQUIRING +4 ring of protection
  1308 | D:2      | Acquired a +4 ring of protection
  1310 | D:2      | 1310 ||| UPGRADING to +4 ring of protection.
  1311 | D:2      | 1311 ||| READING scroll labelled DOMNUG LOLU.
  1320 | D:3      | 1320 ||| PLANNING SEWER
  1349 | D:3      | Reached skill level 5 in Ranged Weapons
  1351 | D:3      | Found a glowing drain.
  1356 | D:3      | Reached XP level 4. HP: 22/22 MP: 5/5
  1369 | Sewer    | Entered a sewer
  1411 | Sewer    | Noticed a kobold brigand
  1421 | Sewer    | HP: 5/22 [poisoned by a kobold]
  1422 | Sewer    | 1422 ||| DRINKING 3 potions of curing.
  1422 | Sewer    | 1422 ||| (to cure poison)
  1429 | Sewer    | HP: 5/22 [kobold brigand/+0 dagger (4)]
  1430 | Sewer    | HP: 2/22 [kobold brigand/+0 dagger (4)]
  1450 | Sewer    | HP: 5/22 [kobold/+0 club (1)]
  1455 | Sewer    | HP: 4/22 [kobold brigand/+0 dagger (1)]
  1462 | Sewer    | Slain by a kobold brigand

Levels and vault maps discovered:
D:1:      tarquinn_simple_flora_water_d, layout_rooms,
          shapermc_ecumenical_altar_mp_highgroup
D:2:      layout_basic
D:3:      layout_basic, cheibrodos_sewer_entry_sluice, serial_curves,
          eino_curves_02, eino_curves_03, eino_curves_02, cheibrodos_gnoll_hut
Sewer:    sewer_kobolds

Skill      XL: |  1  2  3 |
---------------+----------+-----
Dodging        | 4 |  4.7
Ranged Weapons | 5 |  5.0
Fighting       | |  1.5
Stealth        | |  1.5

Action                     |  1- 3 |  4- 6 || total
---------------------------+-------+-------++-------
   Fire: Shortbow          |    93 |    47 ||   140
    Use: Scroll            |     7 |       ||     7
         Potion            |       |     1 ||     1
 Armour: Robe              |     4 |    16 ||    20
  Dodge: Dodged            |    12 |    41 ||    53

Table legend:
 A = Non-vault XP
 B = Vault XP
 C = Vault XP percentage of total XP
 D = Non-vault monster count
 E = Vault monster count
 F = Vault count percentage of total count
                 A         B        C        D         E       F
            +---------+---------+-------+---------+---------+-------
      Total |      92 |      33 |  26.4 |      36 |      14 |  28.0
            +---------+---------+-------+---------+---------+-------
        D:1 |      37 |       0 |   0.0 |      13 |       0 |   0.0
        D:2 |      55 |       0 |   0.0 |      23 |       0 |   0.0
        D:3 |       0 |       7 | 100.0 |       0 |       3 | 100.0
      Sewer |       0 |      26 | 100.0 |       0 |      11 | 100.0
            +---------+---------+-------+---------+---------+-------
